 Dungeon Crawl Stone Soup version 0.29.1-12-g30fa7ad0bf (webtiles) character file.

Game seed: 11891195372847989674

30 Revguard the Covered (level 3, -2/29 HPs)
             Began as a Human Fighter on Jan 11, 2023.
             Slain by a gnoll
             ... wielding a +0 halberd
              (10 damage)
             ... on level 2 of the Dungeon.
             The game lasted 00:02:53 (1430 turns).

Revguard the Covered (Human Fighter)                Turns: 1430, Time: 00:02:53

Health: -2/29      AC: 11    Str: 18    XL:     3   Next: 35%
Magic:  3/3        EV:  5    Int:  8    God:
Gold:   56         SH:  4    Dex: 12    Spells: 2/2 levels left

rFire   + . .      SeeInvis .   a - +0 flail
rCold   + . .      Faith    .   c - +0 buckler
rNeg    . . .      Spirit   .   h - +0 plate armour
rPois   .          Reflect  .   (no helmet)
rElec   .          Harm     .   g - scarf {rC+ rF+}
rCorr   .          Rampage  .   (no gloves)
Will    .....                   (no boots)
Stlth   ..........              (no amulet)
HPRegen 0.09/turn               (no ring)
MPRegen 0.08/turn               (no ring)

@: mighty
A: no striking features
a: no special abilities


You were on level 2 of the Dungeon.
You visited 1 branch of the dungeon, and saw 2 of its levels.

You collected 56 gold pieces.

Inventory:

Hand Weapons
 a - a +0 flail (weapon)
Armour
 c - a +0 buckler (worn)
 g - a scarf of resistance (worn)
 h - a +0 plate armour (worn)
Scrolls
 b - a scroll of identify {unknown}
Potions
 e - a potion of flight {unknown}
 f - 2 potions of curing
 i - a potion of brilliance {unknown}


   Skills:
 + Level 3.1 Fighting
 + Level 2.2 Maces & Flails
 + Level 3.2 Armour
 + Level 0.6 Dodging
 + Level 3.1 Shields
 + Level 1.1 Invocations
 + Level 0.7 Evocations


You had 2 spell levels left.
You didn't know any spells.
Your spell library contained the following spells:

 Spells                   Type           Power      Damage    Failure   Level
 Necrotise                Necr           0%         1d4       100%        1
 Ensorcelled Hibernation  Hex/Ice        0%         N/A       100%        2
 Passwall                 Tmut/Erth      0%         N/A       100%        2
 Swiftness                Air            0%         N/A       100%        3
 Vampiric Draining        Necr           0%         2d6       100%        3
 Agony                    Necr           0%         N/A       100%        5


Dungeon Overview and Level Annotations

Branches:
Dungeon (2/15)

Altars:


Message History

You hit the worm.
The worm is moderately wounded.
The worm completely misses you.
You sock the worm!
The worm is almost dead.
You hit the worm.
You kill the worm!
You see here a worm corpse.
You open the large door.
There is a large open door here.
A rat comes into view.
You barely miss the rat. The rat barely misses you.
You hit the rat but do no damage. The rat bites you but does no damage.
You hit the rat.
The rat is heavily wounded.
The rat bites you but does no damage. x2
You hit the rat.
You kill the rat!
A gnoll comes into view. It is wielding a +0 whip.
The gnoll shouts!
You hear a shout! x2
A gnoll comes into view. It is wielding a +0 halberd.
The gnoll closely misses you.
The gnoll hits you from afar with a +0 halberd!
You barely miss the gnoll. The gnoll hits you with a +0 whip.
You block the gnoll's attack.
You barely miss the gnoll.
The gnoll hits you from afar with a +0 halberd.
You block the gnoll's attack.
The gnoll hits you from afar with a +0 halberd.
* * * LOW HITPOINT WARNING * * *
You sock the gnoll!
The gnoll is almost dead.
You block the gnoll's attack.
You feel very mighty all of a sudden. The gnoll hits you with a +0 whip.
* * * LOW HITPOINT WARNING * * *
The gnoll barely misses you.
It was a potion of curing.
You feel better.
The gnoll hits you from afar with a +0 halberd!
You die...

#..........
####..........
#..'..........
##
##..'..........
#.#
#...#..........
#.#
#.###..........
## #.##.#
#.......... #g#
##...#
##.........
#####g###@##.#
##........
.......#g###..#
##.†..... #g##
##.# ##......
### .. ##.....
### ####''
..... ######


You could see 2 gnolls.

Vanquished Creatures
  A worm (D:2)
  4 ball pythons (D:1)
  2 bats
  5 endoplasms
  A giant cockroach (D:1)
  5 kobolds (D:1)
  A quokka (D:1)
  3 frilled lizards
  4 rats
26 creatures vanquished.

Notes
Turn   | Place    | Note
-------+----------+-------------------------------------------
     0 | D:1      | Revguard the Human Fighter began the quest for the Orb.
     0 | D:1      | Reached XP level 1. HP: 18/18 MP: 1/1
   101 | D:1      | Reached XP level 2. HP: 16/24 MP: 2/2
   819 | D:1      | Reached skill level 1 in Invocations
   819 | D:1      | Reached XP level 3. HP: 29/29 MP: 3/3
  1429 | D:2      | HP: 1/29 [gnoll/+0 whip (4)]
  1430 | D:2      | Slain by a gnoll

Illustrated notes

Levels and vault maps discovered:
D:1:      nicolae_arrival_memento_mori, layout_basic
D:2:      layout_loops_ring, chequers_ecumenical_altar_simple,
          kennysheep_cross_room

Skill      XL: |  1  2 |
---------------+-------+-----
Invocations    | 1 |  1.1
Fighting       | |  3.1
Maces & Flails | |  2.2
Armour         | |  3.2
Dodging        | |  0.6
Shields        | |  3.1
Evocations     | |  0.7

Action                   || total
-------------------------++-------
Melee: Flail             ||    85
  Use: Potion            ||     2
Armor: Scale mail        ||    11
       Plate armour      ||    28
Dodge: Dodged            ||    32
Block: Buckler           ||    19
